 Dungeon Crawl Stone Soup version 0.25-a0-364-ge76b031 (webtiles) character file.

Game seed: 1982825819855794648, levelgen mode: deterministic

1519 Birdy the Cleaver (level 9, -4/61 HPs)
             Began as a Formicid Gladiator on Jan 5, 2020.
             Killed from afar by an orc wizard (9 damage)
             ... with a puff of frost
             ... on level 7 of the Dungeon.
             The game lasted 00:11:01 (4833 turns).

Birdy the Cleaver (Formicid Gladiator)              Turns: 4833, Time: 00:11:01

Health: -4/61      AC:  5    Str: 19    XL:     9   Next: 9%
Magic:  9/9        EV: 13    Int:  8    God:
Gold:   276        SH:  0    Dex: 15    Spells: 4/8 levels left

rFire    . . .     SeeInvis +   a - +0 war axe
rCold    . . .     Gourm    .   (no shield)
rNeg     . . .     Faith    .   b - +0 leather armour
rPois    +         Spirit   .   (helmet unavailable)
rElec    .         Reflect  .   h - +0 cloak
rCorr    +         Harm     .   m - +0 pair of gloves
MR       .....                  (no boots)
Stlth    +.........             (no amulet)
HPRegen  0.20/turn              g - ring of poison resistance
MPRegen  0.11/turn              j - ring of resist corrosion

@: no status effects
A: permanent stasis, dig shafts and tunnels, four strong arms, antennae 3
a: Dig, Shaft Self


You were on level 7 of the Dungeon.
You were hungry.

You visited 1 branch of the dungeon, and saw 6 of its levels.

You collected 276 gold pieces.

Inventory:

Hand Weapons
 a - a +0 war axe (weapon)
Armour
 b - a +0 leather armour (worn)
 h - a +0 cloak (worn)
 m - a +0 pair of gloves (worn)
Jewellery
 g - a ring of poison resistance (left hand)
 j - a ring of resist corrosion (right hand)
Scrolls
 f - a scroll of remove curse
 k - a scroll of identify
Potions
 i - a potion of magic
Comestibles
 d - 11 rations


   Skills:
 - Level 2.1 Fighting
 + Level 11.0 Axes
 - Level 2.0 Throwing
 - Level 2.6 Dodging


You had 4 spell levels left.
You knew the following spells:

 Your Spells              Type           Power        Failure   Level  Hunger
a - Summon Ice Beast      Ice/Summ       #.......     99%         4    #####..

Your spell library contained the following spells:

 Spells                   Type           Power        Failure   Level  Hunger
 Freeze                   Ice            #...         45%         1    ##.....
 Ozocubu's Armour         Chrm/Ice       #.......     83%         3    ####...
 Hailstorm                Conj/Ice       #.......     99%         4    #####..


Dungeon Overview and Level Annotations

Branches:
Dungeon (7/15)
 Temple: D:4-7

Altars:
The Shining One


Innate Abilities, Weirdness & Mutations

You cannot be hasted, slowed, berserked, paralysed or teleported.
You can dig through walls and to a lower floor.
Your four strong arms can wield two-handed weapons with a shield.
You have a pair of large antennae on your head. (SInv)


Message History

* * * LOW HITPOINT WARNING * * *
You closely miss the orc warrior.
The orc warrior is moderately wounded.
Okay, then.
The orc warrior hits you from afar with a cursed -1 glaive.
* * * LOW HITPOINT WARNING * * *
The phantom hits you.
* * * LOW HITPOINT WARNING * * *
An orc wizard and a skeleton come into view.
An orc comes into view.
The bullfrog skeleton moves out of view.
The orc wizard shouts!
The orc shouts!
You hear a shout!
A steam dragon comes into view.
The phantom blinks!
An orc wizard comes into view. It is wielding a -3 dagger.
The orc wizard closely misses you.
The orc wizard hits you but does no damage.
The orc wizard casts a spell at you. The puff of frost hits you!
You die...

...........###...#{#
..................>#
######..##.....Z.#.#
#..........##.#
###.......{..##.#
#.......#..#.##.#
###.########o#o##.# ##...#
#...D.Wo##.##
...#.####.....o.@..<######
#...........)#..##.........
...######....##(##.###.####
#).# #....##........# #))#
#....##.##.###.#
#..######....##.##.# #.#
#............##.##.# #.#
#.######.#+####.##.###.##
#.# #.#.## #.........#


You could see a phantom, a steam dragon, an orc warrior, 2 orc wizards, an orc
and a bullfrog skeleton (wandering).

Vanquished Creatures
  Sigmund (D:2)
  Edmund (D:6)
  3 ogres
  3 bullfrogs
  A howler monkey (D:7)
  A jelly (D:7)
  4 crimson imps
  A centaur zombie (D:6)
  4 hounds
  2 orc wizards
  An orc priest (D:7)
  An iguana (D:5)
  4 worker ants
  A hound zombie (D:7)
  A hound skeleton (D:7)
  2 worker ant zombies
  2 river rats (D:5)
  8 adders
  An ooze (D:3)
  An adder skeleton (D:6)
  3 adder zombies (D:5)
  A worm (D:2)
  3 dart slugs (D:1)
  3 leopard geckos
  10 orcs
  2 ball pythons (D:5)
  2 bats
  4 giant cockroaches
  5 goblins
  2 hobgoblins
  8 jackals
  5 kobolds
  3 quokkas
  2 frilled lizards
  A quokka skeleton (D:7)
  9 rats
106 creatures vanquished.

Notes
Turn   | Place    | Note
-------+----------+-------------------------------------------
     0 | D:1      | Birdy the Formicid Gladiator began the quest for the Orb.
     0 | D:1      | Reached XP level 1. HP: 16/16 MP: 1/1
   258 | D:1      | Reached XP level 2. HP: 19/22 MP: 2/2
   500 | D:1      | Reached skill level 4 in Axes
   500 | D:1      | Reached XP level 3. HP: 26/27 MP: 3/3
  1039 | D:2      | Noticed Sigmund
  1061 | D:2      | Killed Sigmund
  1061 | D:2      | Reached skill level 6 in Axes
  1061 | D:2      | Reached XP level 4. HP: 6/33 MP: 4/4
  1061 | D:2      | Reached XP level 5. HP: 7/38 MP: 5/5
  1061 | D:2      | Reached XP level 6. HP: 8/44 MP: 6/6
  1968 | D:3      | Reached skill level 7 in Axes
  1970 | D:3      | You fall into a shaft and drop 3 floors!
  2232 | D:6      | Found a glowing golden altar of the Shining One.
  2295 | D:5      | Entered Level 5 of the Dungeon
  2295 | D:5      | Noticed an ogre
  2303 | D:5      | Killed an ogre
  2303 | D:5      | Reached XP level 7. HP: 50/50 MP: 7/7
  2441 | D:5      | Reached skill level 8 in Axes
  2945 | D:5      | Found a glowing drain.
  3402 | D:6      | Noticed Edmund
  3414 | D:6      | Killed Edmund
  3414 | D:6      | Reached skill level 9 in Axes
  3414 | D:6      | Reached XP level 8. HP: 53/56 MP: 8/8
  4115 | D:7      | Reached skill level 10 in Axes
  4604 | D:6      | Learned a level 4 spell: Summon Ice Beast
  4668 | D:7      | Reached XP level 9. HP: 61/61 MP: 9/9
  4814 | D:7      | Reached skill level 11 in Axes
  4823 | D:7      | HP: 3/61 [phantom (6)]
  4833 | D:7      | Killed from afar by an orc wizard

Levels and vault maps discovered:
D:1:      dpeg_arrival_tiny_i, layout_rooms
D:2:      layout_basic, uniq_sigmund
D:3:      layout_rooms, nicolae_overflow_crystal_walls, first_ration
D:5:      layout_loops_ring, portal_sewer_entry_b, grunt_tough_drop
D:6:      layout_cave_pools, nicolae_tso_carved_into_rock, uniq_edmund
D:7:      layout_basic, nicolae_overflow_hidden_temple,
          chequers_serial_rivers_micro_d

Skill      XL: |  1  2  3  4  5  6  7  8  9 |
---------------+----------------------------+-----
Axes           | 4 6 7 9 10 11 | 11.0
Fighting       | |  2.1
Throwing       | |  2.0
Dodging        | |  2.6

Action                   |  1- 3 |  4- 6 |  7- 9 || total
-------------------------+-------+-------+-------++-------
Melee: War axe           |   115 |    92 |   227 ||   434
Throw: Throwing net      |       |     3 |     3 ||     6
  Use: Scroll            |     4 |       |     4 ||     8
       Potion            |     2 |     4 |     8 ||    14
 Stab: Sleeping          |       |     1 |       ||     1
       Held in net/web   |       |       |     1 ||     1
  Eat: Chunk             |       |     3 |     6 ||     9
       Ration            |       |       |     1 ||     1
Armor: Leather armour    |    27 |    29 |    63 ||   119
       Skin              |       |    10 |    24 ||    34
Dodge: Dodged            |    79 |    64 |   132 ||   275

Table legend:
 A = Non-vault XP
 B = Vault XP
 C = Vault XP percentage of total XP
 D = Non-vault monster count
 E = Vault monster count
 F = Vault count percentage of total count
                 A         B        C        D         E       F
            +---------+---------+-------+---------+---------+-------
      Total |    1673 |     498 |  22.9 |      95 |      11 |  10.4
            +---------+---------+-------+---------+---------+-------
        D:1 |      44 |       0 |   0.0 |      21 |       0 |   0.0
        D:2 |      19 |     223 |  92.1 |      10 |       1 |   9.1
        D:3 |     149 |       0 |   0.0 |      17 |       0 |   0.0
        D:5 |     310 |     117 |  27.4 |      11 |       9 |  45.0
        D:6 |     306 |     158 |  34.1 |       9 |       1 |  10.0
        D:7 |     845 |       0 |   0.0 |      27 |       0 |   0.0
            +---------+---------+-------+---------+---------+-------
